 Dungeon Crawl Stone Soup version 0.28-a0-906-g0406aca7d3 (webtiles) character file.

Game seed: 5726269365776814851

755 funkygono the Ruffian (level 7, -1/67 HPs)
             Began as a Troll Fighter on Nov 23, 2021.
             Was an Initiate of Okawaru.
             Slain by a gnoll (8 damage)
             ... on level 5 of the Dungeon.
             The game lasted 00:08:11 (3584 turns).

funkygono the Ruffian (Troll Fighter)               Turns: 3584, Time: 00:08:12

Health: -1/67      AC:  6    Str: 26    XL:     7   Next: 49%
Magic:  0/7        EV:  8    Int: 11    God:    Okawaru [......]
Gold:   285        SH:  7    Dex:  9    Spells: 7/8 levels left

rFire   + . .      SeeInvis .     - Unarmed
rCold   + . .      Faith    .   b - +0 kite shield
rNeg    . . .      Spirit   +   g - +0 robe {rC+}
rPois   .          Reflect  .   f - +2 hat
rElec   .          Harm     .   (no cloak)
rCorr   .          Rampage  .   (gloves unavailable)
Will    .....                   (boots unavailable)
Stlth   +.........              o - amulet of guardian spirit
HPRegen 1.21/turn               l - ring of protection from fire
MPRegen 0.10/turn               q - +6 ring of intelligence

@: no status effects
A: large, unfitting armour, claws 3, regeneration 1, shaggy fur 1, tough skin 1
a: Renounce Religion


You were on level 5 of the Dungeon.
You worshipped Okawaru.
Okawaru was noncommittal.
You visited 1 branch of the dungeon, and saw 5 of its levels.
You also visited: Sewer.

You collected 285 gold pieces.

Inventory:

Hand Weapons
 p - a +1 flail of protection
Missiles
 h - 190 stones
 j - 30 poisoned darts (quivered)
Armour
 b - a +0 kite shield (worn)
 f - a +2 hat (worn)
 g - a +0 robe of cold resistance (worn)
Jewellery
 d - an amulet of faith
 l - a ring of protection from fire (left claw)
 o - an amulet of guardian spirit (around neck)
 q - a +6 ring of intelligence (right claw)
Wands
 n - a wand of paralysis (6)
 v - a wand of digging (4)
Scrolls
 e - a scroll of magic mapping
 i - a scroll of amnesia
 m - a scroll of identify
 t - 3 scrolls of teleportation
Potions
 a - a potion of attraction
 c - 2 potions of might
 k - a potion of resistance
 r - a potion of heal wounds
 s - a potion of haste
 u - a potion of lignification
 x - 5 potions of flight


   Skills:
 + Level 3.1 Fighting
 + Level 0.5 Throwing
 + Level 3.6 Dodging
 - Level 0.5 Stealth
 + Level 3.9 Shields
 + Level 5.4 Unarmed Combat
 + Level 1.1 Spellcasting
 + Level 1.1 Transmutations


You had 7 spell levels left.
You knew the following spells:

 Your Spells              Type           Power      Damage    Failure   Level
a - Beastly Appendage     Tmut           6%         N/A       50%         1

Your spell library contained the following spells:

 Spells                   Type           Power      Damage    Failure   Level
 Sting                    Tmut/Pois      4%         1d3       58%         1
 Wereblood                Tmut           3%         N/A       65%         2
 Poisonous Vapours        Pois/Air       0%         N/A       80%         2
 Spider Form              Tmut/Pois      1%         N/A       91%         3
 Olgreb's Toxic Radiance  Pois           0%         N/A       100%        4
 Summon Small Mammal      Summ           Unusable   N/A       N/A         1
 Call Canine Familiar     Summ           Unusable   N/A       N/A         3
 Summon Guardian Golem    Hex/Summ       Unusable   N/A       N/A         3

Dungeon Overview and Level Annotations

Branches:
Dungeon (5/15)             Temple (0/1) D:5           Sewer (visited)

Altars:
Okawaru
Wu Jian
Zin

Shops:
D:2 (


Innate Abilities, Weirdness & Mutations

You are too large for most types of armour.
You have claws for hands.
Your natural rate of healing is unusually fast.
You are covered in fur. (AC +1)
You have tough skin. (AC +1)


Message History

You barely miss the gnoll.
The gnoll hits you from afar with a +0 halberd.
* * * LOW HITPOINT WARNING * * *
The gnoll hits you with a +0 whip.
* * * LOW HITPOINT WARNING * * *
You closely miss the gnoll. You block the gnoll's attack.
The gnoll hits you but does no damage.
You barely miss the gnoll. The gnoll misses you.
You claw the gnoll!
The gnoll is almost dead.
The gnoll closely misses you. You block the gnoll's attack.
You barely miss the gnoll.
The gnoll is almost dead.
The gnoll barely misses you. The gnoll hits you with a +0 whip.
* * * LOW HITPOINT WARNING * * *
You closely miss the gnoll.
The gnoll is almost dead.
The gnoll hits you from afar with a +0 halberd!
* * * LOW HITPOINT WARNING * * *
The gnoll barely misses you.
You claw the gnoll!
You kill the gnoll!
Okawaru accepts your kill.
The gnoll hits you from afar with a +0 halberd.
* * * LOW HITPOINT WARNING * * *
You block the gnoll's attack. The gnoll hits you with a +0 halberd.
* * * LOW HITPOINT WARNING * * *
You see here a +0 whip.
You scratch the gnoll.
The gnoll is moderately wounded.
The gnoll hits you with a +0 halberd!
* * * LOW HITPOINT WARNING * * *
You barely miss the gnoll.
The gnoll is moderately wounded.
You block the gnoll's attack.
You scratch the gnoll.
The gnoll is heavily wounded.
The gnoll hits you with a +0 halberd!
You die...

****,,*,,,,,,,,#)#......#######.#
*,,,,,*,,,,,,,,#)#.###..........#
*,***,*,,,,,,,,#.#.# #..........#
*,* *,*,,,,,,,,#.#.# #..........#
*,* *,*,,,,,,,,#.#.# #..........#
*,***+*,,,,,,,,#.#.# #..........#
*,**,,,,####+###.#.# ##+#######.#
*,**,,,,#......#g#.# *,*#.......
*,**,,,,#......#@#.# *.##.#.♣.♣.
*,**,,,,#......#.#.####..........
*,**,,,,#......#.#....#....♣.♣.♣.
*,**,,,,#......#.###.##......._..
*,**,,,,#......'......#.##.♣.♣.♣.
,,**,,,,#......#.#.#..#..........
,,**,,,,#......#.#....#,...#.♣.♣.
,,***+**#......#.#.#..#..#.......
,,,,*,* #......#.#.##.#.,##.##..#


You could see a gnoll.

Vanquished Creatures
  Sigmund (D:2)
  Menkaure (D:4)
  A scorpion (D:4)
  A bullfrog (D:4)
  A water moccasin zombie (D:4)
  A hound (D:3)
  A gnoll shaman (D:5)
  Jessica (D:2)
  Terence (D:2)
  2 orc wizards (D:3)
  3 gnolls (D:5)
  An adder (D:3)
  An adder skeleton (D:4)
  4 worms
  2 dart slugs
  8 orcs (D:3)
  7 ball pythons
  6 endoplasms
  8 giant cockroaches
  2 goblins
  9 hobgoblins
  4 jackals (Sewer)
  3 kobolds
  7 quokkas
  10 bats
  4 frilled lizards
  2 rats
92 creatures vanquished.

Notes
Turn   | Place    | Note
-------+----------+-------------------------------------------
     0 | D:1      | funkygono the Troll Fighter began the quest for the Orb.
     0 | D:1      | Reached XP level 1. HP: 22/22 MP: 0/0
   366 | D:1      | Reached XP level 2. HP: 29/29 MP: 1/1
   483 | D:1      | Found a faded altar of an unknown god.
   634 | D:1      | Learned a level 1 spell: Beastly Appendage
   907 | D:2      | Noticed Terence
   914 | D:2      | Killed Terence
   915 | D:2      | Reached XP level 3. HP: 30/36 MP: 2/2
   992 | D:2      | Noticed Jessica
   999 | D:2      | Killed Jessica
  1000 | D:2      | Reached skill level 3 in Unarmed Combat
  1000 | D:2      | Reached XP level 4. HP: 24/44 MP: 3/3
  1018 | D:2      | Found Qonokyg's Weapon Shoppe.
  1100 | D:2      | Noticed Sigmund
  1119 | D:2      | Killed Sigmund
  1120 | D:2      | Reached skill level 4 in Unarmed Combat
  1120 | D:2      | Reached XP level 5. HP: 36/52 MP: 4/4
  1499 | D:3      | Reached XP level 6. HP: 59/59 MP: 3/5
  1984 | D:3      | Found a glowing silver altar of Zin.
  2342 | D:4      | Found an ornate altar of the Wu Jian Council.
  2354 | D:4      | Noticed Menkaure
  2361 | D:4      | Killed Menkaure
  2362 | D:4      | Reached skill level 5 in Unarmed Combat
  2362 | D:4      | Reached XP level 7. HP: 67/67 MP: 4/7
  2802 | D:4      | Reached skill level 1 in Transmutations
  2998 | D:5      | Entered Level 5 of the Dungeon
  3014 | D:5      | Found an iron altar of Okawaru.
  3071 | D:5      | Found a glowing drain.
  3080 | Sewer    | Entered a sewer
  3488 | D:5      | Became a worshipper of Warmaster Okawaru
  3558 | D:5      | Reached skill level 1 in Spellcasting
  3584 | D:5      | Slain by a gnoll

Illustrated notes

Levels and vault maps discovered:
D:1:      wheals_arrival_shading, layout_loops_ring,
          hellmonk_ecumenical_altar_lost_god, dk_noncrumbling_2
D:2:      layout_loops_ring, serial_shops, nicolae_shop_bloodbath_and_beyond,
          chequers_serial_rivers_marsh, minmay_misc_feat_enclosed, uniq_terence,
          uniq_sigmund, uniq_jessica
D:3:      layout_rooms, mainiacjoe_overflow_alcove_4, grunt_ministairs_5
D:4:      layout_loops_ring, overflow_temple_1_default, hangedman_decor_points,
          minmay_pentangle, uniq_menkaure
D:5:      layout_basic, grunt_temple_overflow_lords_of_destruction,
          okawaru_trees_1, lemuel_temple_firewalk_b, portal_sewer_entry_f

Skill      XL: |  1  2  3  4  5  6  7 |
---------------+----------------------+-----
Shields        | 3 |  3.9
Unarmed Combat | 3 4 5 |  5.4
Dodging        | 3 |  3.6
Fighting       | 3 |  3.1
Transmutations | 1 |  1.1
Spellcasting   | 1 |  1.1
Throwing       | |  0.5
Stealth        | |  0.5

Action                   |  1- 3 |  4- 6 |  7- 9 || total
-------------------------+-------+-------+-------++-------
Melee: Unarmed           |    68 |   118 |    77 ||   263
       Kick              |       |     2 |     6 ||     8
       Headbutt          |       |     1 |     6 ||     7
Throw: Dart              |     2 |     3 |       ||     5
 Cast: Beastly Appendage |       |     3 |     6 ||     9
  Use: Scroll            |     4 |     2 |     6 ||    12
Armor: Robe              |    25 |    29 |    43 ||    97
Dodge: Dodged            |    19 |    27 |    24 ||    70
Block: Kite shield       |    14 |    29 |    33 ||    76

Table legend: (Time is in decaauts)
 A = Elapsed time spent in this place.
 B = Non-inter-level travel time spent in this place.
 C = Inter-level travel time spent in this place.
 D = Time resting spent in this place.
 E = Time spent auto-exploring this place.
 F = Levels seen in this place.
 G = Mean time per level.
                   A        B        C        D        E       F      G
               +--------+--------+--------+--------+--------+-----+--------+
         Total |   3703 |   3612 |     91 |      0 |   2780 |   6 |  617.2 |
       Dungeon |   3312 |   3221 |     91 |      0 |   2494 |   5 |  662.4 |
         Sewer |    390 |    390 |      0 |      0 |    285 |   1 |  390.0 |
               +--------+--------+--------+--------+--------+-----+--------+

Top non-repeatable levels by time:
     D:4: 879 daAuts
     D:3: 726 daAuts
     D:1: 722 daAuts
     D:2: 699 daAuts
   Sewer: 390 daAuts
     D:5: 285 daAuts
